 Dungeon Crawl Stone Soup version 0.19-a0-4-ga5c5ac4 (webtiles) character file.

10235 graki42 the Thaumaturge (level 11, -3/56 HPs)
             Began as a Deep Elf Conjurer on Apr 28, 2016.
             Was a High Priest of Vehumet.
             Slain by a torpor snail (11 damage)
             ... on level 3 of the Lair of Beasts.
             The game lasted 00:55:19 (11083 turns).

graki42 the Thaumaturge (Deep Elf Conjurer)        Turns: 11083, Time: 00:55:19

Health: -3/56      AC:  8    Str:  5    XL:     11   Next: 33%
Magic:  17/44      EV: 17    Int: 24    God:    Vehumet [*****.]
Gold:   776        SH:  6    Dex: 20    Spells: 9 memorised, 4 levels left

rFire  + . .     SeeInvis .     M - staff of power
rCold  + . .     Gourm    +     s - +2 robe {rF+}
rNeg   . . .     Faith    .     o - +1 buckler
rPois  .         Spirit   .     (no helmet)
rElec  .         Dismiss  .     E - +0 cloak
rCorr  .         Reflect  .     y - +2 pair of gloves {Dex+3}
SustAt .         Harm     .     (no boots)
MR     +....                    a - amulet of the gourmand
Stlth  +++++.....               S - ring of protection from cold
                                v - ring of stealth

@: slowed, very slow, somewhat resistant to hostile enchantments, quite stealthy
A: thin skeletal structure 1, subdued magic 1
a: Renounce Religion


You were on level 3 of the Lair of Beasts.
You worshipped Vehumet.
Vehumet was extremely pleased with you.
You were very full.

You visited 2 branches of the dungeon, and saw 12 of its levels.

You collected 776 gold pieces.

Inventory:

Hand Weapons
 b - the +9 dagger "Ypre" {elec, +Inv}
   (You found it on level 3 of the Lair of Beasts)

   Occasionally, upon striking a foe, it will discharge some electrical energy
   and cause terrible harm.
   It lets you turn invisible.
Missiles
 f - a throwing net (quivered)
Armour
 o - a +1 buckler (worn)
 s - a +2 robe of fire resistance (worn)
 y - a +2 pair of gloves of dexterity (worn)
 E - a +0 cloak (worn)
Magical Staves
 M - an uncursed staff of power (weapon)
Jewellery
 a - an amulet of the gourmand (around neck)
 j - an uncursed ring of poison resistance
 v - a ring of stealth (left hand)
 x - an uncursed ring of positive energy
 O - an uncursed ring of flight
 Q - an uncursed ring of protection from cold
 S - a ring of protection from cold (right hand)
 V - an uncursed ring of fire
Wands
 g - a wand of paralysis (2/24)
 D - a wand of digging (24/24)
Scrolls
 d - 2 scrolls of noise {unknown}
 e - 2 scrolls of teleportation
 h - 5 scrolls of remove curse
 i - 3 scrolls of fear
 k - 2 scrolls of magic mapping
 l - 2 scrolls of amnesia
 L - a scroll of identify
Potions
 m - 6 potions of curing
 p - 2 potions of brilliance
 t - 2 potions of haste
 J - a potion of lignification
 K - a potion of flight
 Y - 2 potions of heal wounds
Comestibles
 c - 4 bread rations
 n - 22 fruits


   Skills:
 + Level 1.2 Fighting
 + Level 6.7 Dodging
 + Level 4.8 Stealth
 + Level 2.2 Shields
 + Level 12.0 Spellcasting
 * Level 11.2 Conjurations
 + Level 1.3 Hexes
 + Level 6.0 Necromancy
 + Level 6.1 Transmutations
 + Level 6.4 Fire Magic
 * Level 0.2 Poison Magic


You had 4 spell levels left.
You knew the following spells:

 Your Spells              Type           Power        Failure   Level  Hunger
a - Magic Dart            Conj           ####         1%          1    None
b - Searing Ray           Conj           ######       1%          2    None
c - Dazzling Spray        Conj/Hex       ####....     1%          3    None
d - Iskenderun's Mystic   Conj           ######..     1%          4    None
e - Fulminant Prism       Conj/Hex       ####......   1%          4    None
f - Iskenderun's Battles  Conj/Chrm      ####....     4%          5    ###....
g - Sublimation of Blood  Necr           ####......   1%          2    None
h - Ignite Poison         Fire/Trmt/Pois ####....     1%          3    None
i - Poisonous Cloud       Conj/Pois/Air  ####......   67%         6    #####..


Dungeon Overview and Level Annotations

Branches:
Dungeon (9/15)             Temple (0/1) D:6            Lair (3/8) D:9
  Swamp: Lair:3-6    Shoals: Lair:3-6     Snake: Lair:3-6    Spider: Lair:3-6
    Orc: D:9-12

Altars:
Ashenzari
Cheibriados
Fedhas
Kikubaaqudgha
Makhleb
Qazlal
Ru
Vehumet
Zin
The Shining One


Innate Abilities, Weirdness & Mutations

You have a somewhat thin skeletal structure (Dex +2, Stealth).
Your spells are a little easier to cast, but a little less powerful.


Message History

Unknown command.
Casting: Dazzling Spray
Confirm with . or Enter, or press ? or * to list all spells.
Aiming: Dazzling Spray
Press: ? - help, Shift-Dir - straight line, f/p - yak
Aim: a yak (moderately wounded, fleeing)
The spray of energy hits the torpor snail.
The torpor snail is moderately wounded.
The torpor snail is dazzled.
The yak gores you but does no damage.
Casting: Dazzling Spray
Confirm with . or Enter, or press ? or * to list all spells.
Aiming: Dazzling Spray
Press: ? - help, Shift-Dir - straight line, f - torpor snail, p - yak
Aim: a torpor snail (moderately wounded, blind)
The spray of energy hits the torpor snail.
The torpor snail is moderately wounded.
The spray of energy hits the yak.
The yak is almost dead.
The yak is dazzled.
The yak barely misses you. The torpor snail bites you!
You die...

#......P .......#..... .
#......#..>. ..
##......#... ...
#.......#... .... # ###
###......... Y....
###.###P#.......###...###
................@w†......
.................Y.......
..#.#.#####.#.####....##.
####### #.#.## #####
#####


You could see a torpor snail (blind) and a yak (blind).

Vanquished Creatures
  A hydra (Lair:2)
  Pikel (D:4)
  2 spiny frogs (Lair:1)
  2 komodo dragons
  Grinder (D:3)
  Sigmund (D:2)
  11 yaks
  A wyvern (D:9)
  3 hippogriffs
  A hungry ghost (D:7)
  Menkaure (D:4)
  4 water moccasins
  Duvessa (D:4)
  6 porcupines
  A sky beast (D:7)
  2 phantoms
  An orc warrior (D:9)
  2 ice beasts (D:9)
  A slave (D:4)
  A necrophage (D:7)
  4 ogres
  3 wolves (Lair:3)
  6 centaurs
  3 crocodiles
  The ghost of graki42 the Firebug, an amateur DEFE (D:3)
  6 giant frogs
  Dowan (D:4)
  A scorpion (D:7)
  A howler monkey (D:9)
  3 crimson imps
  A centaur zombie (D:6)
  5 giant frog skeletons
  3 hounds
  2 jellies
  An orc priest (D:7)
  3 orc wizards
  8 iguanas
  8 worker ants
  4 sheep (Lair:3)
  A hound zombie (D:7)
  3 hound skeletons
  A worker ant zombie (D:6)
  3 gnolls (D:3)
  11 adders
  42 river rats
  A shadow imp (D:5)
  2 oozes (D:3)
  2 adder zombies
  A worm (D:2)
  5 dart slugs
  4 giant geckos
  13 orcs
  8 giant cockroaches
  7 goblins
  9 hobgoblins
  12 jackals
  2 quokkas
  2 ball pythons
  14 bats
  A giant cockroach zombie (D:2)
  A giant gecko skeleton (D:7)
  2 giant newts
  A jackal zombie (D:2)
  5 kobolds
  A quokka skeleton (D:9)
  14 rats
276 creatures vanquished.

Vanquished Creatures (others)
  A howler monkey (D:4)
  A giant gecko (D:4)
  A jackal skeleton (D:4)
  A kobold (D:2)
  A fungus (D:9)
5 creatures vanquished.

Grand Total: 281 creatures vanquished

Notes
Turn   | Place    | Note
--------------------------------------------------------------
     0 | D:1      | graki42 the Deep Elf Conjurer began the quest for the Orb.
     0 | D:1      | Reached XP level 1. HP: 10/10 MP: 6/6
   223 | D:1      | Reached XP level 2. HP: 15/15 MP: 5/8
   229 | D:1      | Learned a level 2 spell: Searing Ray
   373 | D:1      | Reached skill level 5 in Conjurations
   756 | D:2      | Reached XP level 3. HP: 18/19 MP: 2/9
  1132 | D:2      | Learned a level 3 spell: Dazzling Spray
  1178 | D:2      | Noticed Sigmund
  1185 | D:2      | Killed Sigmund
  1185 | D:2      | Reached skill level 4 in Spellcasting
  1185 | D:2      | Reached XP level 4. HP: 16/24 MP: 1/12
  1185 | D:2      | Reached XP level 5. HP: 19/28 MP: 1/13
  1206 | D:2      | Learned a level 4 spell: Iskenderun's Mystic Blast
  1365 | D:2      | Found a glowing silver altar of Zin.
  1393 | D:2      | Found a blossoming altar of Fedhas.
  1395 | D:2      | Found a glowing golden altar of the Shining One.
  1662 | D:2      | Found a radiant altar of Vehumet.
  1679 | D:2      | Became a worshipper of Vehumet
  1948 | D:3      | Noticed Grinder
  1948 | D:3      | Reached XP level 6. HP: 32/32 MP: 2/15
  2070 | D:2      | Gained mutation: You expend magic power (3 MP) to strengthen your wands. [potion of mutation]
  2070 | D:2      | Gained mutation: You have large cloven feet. [potion of mutation]
  2093 | D:3      | Killed Grinder
  2093 | D:3      | Reached skill level 5 in Spellcasting
  2375 | D:3      | Noticed graki42's ghost (amateur DEFE)
  2385 | D:3      | Killed graki42's ghost
  2385 | D:3      | Reached skill level 6 in Spellcasting
  2385 | D:3      | Reached XP level 7. HP: 36/36 MP: 12/18
  2465 | D:3      | Learned a level 4 spell: Fulminant Prism
  2641 | D:3      | Reached * piety under Vehumet
  2641 | D:3      | Offered knowledge of Flame Tongue by Vehumet.
  2927 | D:4      | Noticed Pikel
  2939 | D:4      | Killed Pikel
  2939 | D:4      | Reached skill level 7 in Spellcasting
  3242 | D:4      | Found a burning altar of Makhleb.
  3263 | D:4      | Found a stormy altar of Qazlal.
  3319 | D:4      | Reached XP level 8. HP: 41/41 MP: 14/21
  3320 | D:4      | Noticed Menkaure
  3324 | D:4      | Killed Menkaure
  3324 | D:4      | Reached skill level 8 in Spellcasting
  3510 | D:4      | Reached skill level 1 in Shields
  3523 | D:4      | Learned a level 5 spell: Iskenderun's Battlesphere
  3525 | D:4      | Learned a level 1 spell: Flame Tongue
  3544 | D:4      | Noticed Dowan
  3549 | D:4      | Noticed Duvessa
  3566 | D:4      | Killed Duvessa
  3566 | D:4      | Reached skill level 5 in Dodging
  3572 | D:4      | Killed Dowan
  3572 | D:4      | Reached skill level 1 in Fire Magic
  3847 | D:5      | Entered Level 5 of the Dungeon
  3972 | D:5      | Learned a level 2 spell: Sublimation of Blood
  3976 | D:5      | Learned a level 3 spell: Ignite Poison
  4137 | D:5      | Reached skill level 9 in Spellcasting
  4240 | D:5      | Reached skill level 1 in Necromancy
  4240 | D:5      | Reached skill level 1 in Transmutations
  4282 | D:5      | Reached ** piety under Vehumet
  4584 | D:5      | Found a sacrificial altar of Ru.
  4591 | D:5      | Offered knowledge of Throw Flame by Vehumet.
  4863 | D:6      | Found a snail-covered altar of Cheibriados.
  5114 | D:6      | Reached XP level 9. HP: 46/46 MP: 21/24
  5294 | D:6      | Found a staircase to the Ecumenical Temple.
  5510 | D:7      | Reached skill level 10 in Spellcasting
  5828 | D:7      | Gained mutation: Scrolls take you a little longer to read. [mutagenic meat]
  5829 | D:7      | Gained mutation: You have a somewhat thin skeletal structure (Dex +2, Stealth). [mutagenic meat]
  5831 | D:7      | Gained mutation: Your spells are a little easier to cast, but a little less powerful. [mutagenic meat]
  5832 | D:7      | Gained mutation: Scrolls take you longer to read. [mutagenic meat]
  5893 | D:7      | Got a faintly glowing whip
  5894 | D:7      | Identified the cursed +2 whip of Quantum Leap {flame, +Inv rPois rC+ rN+} (You found it on level 7 of the Dungeon)
  6013 | D:7      | Offered knowledge of Inner Flame by Vehumet.
  6168 | D:8      | Gained mutation: You have a pair of small antennae on your head. [potion of mutation]
  6168 | D:8      | Gained mutation: You passively map a small area around you. [potion of mutation]
  6229 | D:8      | Found an ancient bone altar of Kikubaaqudgha.
  6637 | D:9      | Found a shattered altar of Ashenzari.
  6654 | D:9      | Reached *** piety under Vehumet
  6735 | D:9      | Offered knowledge of Sticky Flame by Vehumet.
  6744 | D:9      | Reached skill level 1 in Fighting
  6744 | D:9      | Reached skill level 1 in Hexes
  6918 | D:9      | Found a staircase to the Lair.
  7081 | D:9      | Reached XP level 10. HP: 52/52 MP: 26/26
  7094 | D:9      | Reached **** piety under Vehumet
  7465 | D:9      | Lost mutation: Scrolls take you longer to read. [potion of cure mutation]
  7465 | D:9      | Lost mutation: You have large cloven feet. [potion of cure mutation]
  7465 | D:9      | Lost mutation: Scrolls take you a little longer to read. [potion of cure mutation]
  7465 | D:9      | Lost mutation: You expend magic power (3 MP) to strengthen your wands. [potion of cure mutation]
  7465 | D:9      | Lost mutation: You have a pair of small antennae on your head. [potion of cure mutation]
  7465 | D:9      | Lost mutation: You passively map a small area around you. [potion of cure mutation]
  7774 | Lair:1   | Entered Level 1 of the Lair of Beasts
  7816 | Lair:1   | Offered knowledge of Force Lance by Vehumet.
  7839 | Lair:1   | Reached skill level 11 in Spellcasting
  7856 | Lair:1   | Noticed a spiny frog
  7865 | Lair:1   | Killed a spiny frog
  7865 | Lair:1   | Reached skill level 5 in Fire Magic
  8109 | Lair:1   | Reached skill level 5 in Necromancy
  8198 | Lair:1   | Reached skill level 5 in Transmutations
  8731 | Lair:1   | Noticed a spiny frog
  8738 | Lair:1   | Killed a spiny frog
  9111 | Lair:2   | Reached skill level 10 in Conjurations
  9572 | Lair:2   | Noticed a seven-headed hydra
  9577 | Lair:2   | Killed a seven-headed hydra
  9577 | Lair:2   | Reached XP level 11. HP: 56/56 MP: 25/28
 10423 | Lair:3   | Got a transparent dagger
 10424 | Lair:3   | Identified the +9 dagger "Ypre" {elec, +Inv} (You found it on level 3 of the Lair of Beasts)
 10973 | Lair:3   | Reached ***** piety under Vehumet
 10982 | Lair:3   | Offered knowledge of Poisonous Cloud by Vehumet.
 11001 | Lair:3   | Learned a level 6 spell: Poisonous Cloud
 11077 | Lair:3   | Reached skill level 12 in Spellcasting
 11083 | Lair:3   | Slain by a torpor snail

Vault maps used:
D:1:      dpeg_arrival_pond
D:2:      fiery_altar_vehumet, nicolae_overflow_hidden_temple, serial_undead,
          serial_undead_f, serial_undead_e, serial_undead_d, serial_undead_f,
          uniq_sigmund
D:3:      lemuel_upstairs_altar, first_bread, uniq_grinder
D:4:      nicolae_overflow_crystal_walls, grunt_qazlal_clouds, uniq_duvessa,
          uniq_menkaure, uniq_pikel
D:5:      overflow_temple_1_default, hangedman_decor_riveting
D:6:      cheibriados_altar_1, minmay_temple_entry_poolview, st_stairs_1,
          roderic_roman_lattice
D:8:      lemuel_round_altar
D:9:      ashenzari_conservatory_becter, grunt_lair_entry_orc_guard_hut
Lair:2:   serial_bayou_shore_b
Lair:3:   lemuel_fruit_tree

Skill      XL: |  1  2  3  4  5  6  7  8  9 10 11 |
---------------+----------------------------------+-----
Conjurations   | 5 6 7 8 9 10 11 | 11.2
Dodging        | 3 4 5 6 |  6.7
Stealth        | 3 4 |  4.8
Spellcasting   | 4 6 7 9 10 11 12 | 12.0
Shields        | 1 2 |  2.2
Fire Magic     | 2 4 5 6 |  6.4
Necromancy     | 1 4 5 6 |  6.0
Transmutations | 1 4 5 6 |  6.1
Fighting       | 1 |  1.2
Hexes          | 1 |  1.3
Poison Magic   | |  0.2

Action                   |  1- 3 |  4- 6 |  7- 9 | 10-12 || total
-------------------------+-------+-------+-------+-------++-------
Melee: Short sword       |       |       |     1 |       ||     1
       Staff             |       |       |     1 |     3 ||     4
       Whip              |       |       |     1 |       ||     1
       Kick              |       |       |     1 |       ||     1
 Cast: Magic Dart        |    38 |    34 |   245 |    50 ||   367
       Searing Ray       |     7 |     6 |    41 |    29 ||    83
       Dazzling Spray    |       |       |    21 |    12 ||    33
       Iskenderun's Myst |       |       |     4 |   125 ||   129
       Ignite Poison     |       |       |       |     1 ||     1
       Sublimation of Bl |       |       |       |     3 ||     3
  Use: Scroll            |       |     4 |    18 |     7 ||    29
       Potion            |       |     1 |     2 |     4 ||     7
 Stab: Sleeping          |       |       |     2 |       ||     2
  Eat: Chunk             |     1 |     3 |    36 |    11 ||    51
Armor: Robe              |     4 |     2 |    35 |     9 ||    50
Dodge: Dodged            |    16 |     9 |   101 |    76 ||   202
Block: Buckler           |       |     4 |    30 |    27 ||    61
